 Dungeon Crawl Stone Soup version 0.31-a0-174-g85c54bcb58 (webtiles) character file.

Game seed: 1959019926552040276

314 Dittersdorf the Shield-Bearer (level 6, -12/39 HPs)
             Began as a Gargoyle Fighter on June 15, 2023.
             Killed by divine providence
             ... invoked by an orc priest
              (17 damage)
             ... on level 6 of the Dungeon.
             The game lasted 00:03:14 (2855 turns).

Dittersdorf the Shield-Bearer (Gargoyle Fighter)    Turns: 2855, Time: 00:03:15

Health: -12/39     AC: 11    Str: 21    XL:     6   Next: 43%
Magic:  6/6        EV:  8    Int:  9    God:
Gold:   188        SH:  8    Dex:  9    Spells: 5/5 levels left

rFire   . . .        a - +0 flail
rCold   . . .        o - +0 kite shield
rNeg    + . .        b - +0 scale mail
rPois   ∞            (no helmet)
rElec   +            (no cloak)
rCorr   .            (no gloves)
SInv    .            (no boots)
Will    .....        (no amulet)
Stlth   x              - ring of wizardry
HPRegen 0.26/turn    (no ring)
MPRegen 0.10/turn

%: wizardry (x1)
@: no status effects
A: sickness immunity, AC +4, negative energy resistance 1, electricity
resistance, torment resistance 1, petrification resistance
a: no special abilities


You were on level 6 of the Dungeon.
You visited 1 branch of the dungeon, and saw 5 of its levels.

You collected 188 gold pieces.

Inventory:

Hand Weapons
 a - a +0 flail (weapon)
Missiles
 v - 6 poisoned darts
Armour
 b - a +0 scale mail (worn)
 o - a +0 kite shield (worn)
Jewellery
 x - a ring of wizardry (left hand)
Scrolls
 c - a scroll of vulnerability {unknown}
 e - a scroll of butterflies {unknown}
 h - a scroll of amnesia {unknown}
 i - a scroll of enchant weapon {unknown}
 j - a scroll of poison {unknown}
 k - a scroll of brand weapon {unknown}
 l - 3 scrolls of enchant armour {unknown}
 n - a scroll of blinking {unknown}
 q - 2 scrolls of identify {unknown}
 r - a scroll of fog {unknown}
 t - a scroll of teleportation {unknown}
 u - a scroll of revelation {unknown}
Potions
 d - a potion of might
 f - 2 potions of brilliance {unknown}
 g - 4 potions of curing {unknown}
 m - a potion of ambrosia {unknown}
 p - 2 potions of mutation {unknown}
 s - a potion of resistance {unknown}
 w - a potion of invisibility {unknown}


   Skills:
 + Level 4.7 Fighting
 + Level 3.6 Maces & Flails
 + Level 4.7 Armour
 + Level 4.7 Shields


You had 5 spell levels left.
You didn't know any spells.
Your spell library contained the following spells:

 Spells                   Type           Power      Damage    Failure   Level
 Inner Flame              Hex/Fire       0%         N/A       94%         3
 Summon Guardian Golem    Hex/Summ       0%         N/A       94%         3
 Yara's Violent Unravell  Hex/Tmut       0%         3d3       100%        5
 Enfeeble                 Hex            0%         N/A       100%        7
 Orb of Destruction       Conj           0%         9d5       100%        7
 Spellforged Servitor     Conj/Summ      0%         N/A       100%        7


Dungeon Overview and Level Annotations

Branches:
Dungeon (4/15)
 Temple: D:4-7

Altars:
Gozag
Vehumet
Wu Jian
The Shining One

Shops:
D:4 *


Innate Abilities, Weirdness & Mutations

You are immune to sickness and miasma.
Your stone body is resilient. (AC +4)
You are immune to poison.
You resist negative energy. (rN+)
You are resistant to electric shocks. (rElec)
You are resistant to unholy torment.
You are immune to petrification.


Message History

You completely miss something.
You feel less confused.
The orc priest hits you but does no damage.
The orc closely misses you. Something hits you but does no damage.
You block the phantom's attack.
You hit the orc priest.
The orc priest is heavily wounded.
The orc priest completely misses you. The orc hits you but does no damage.
Something hits you but does no damage. You block the phantom's attack.
The orc priest completely misses you. You block the orc's attack.
You block something's attack.
The phantom hits you but does no damage.
You hit the orc priest but do no damage.
The orc priest is heavily wounded.
You block the orc priest's attack. You block the orc's attack.
Something hits you but does no damage. The phantom barely misses you.
You hit the orc priest.
The orc priest is heavily wounded.
The orc priest barely misses you. The orc barely misses you.
Something hits you. You block the phantom's attack.
You completely miss the orc priest.
The orc priest is heavily wounded.
The orc priest hits you with a +0 whip. The orc closely misses you.
Something hits you but does no damage. The phantom hits you.
Something hits you but does no damage. The phantom barely misses you.
The orc priest invokes the aid of Beogh against you.
Pain shoots through your body!
* * * LOW HITPOINT WARNING * * *
The orc barely misses you.
You barely miss the orc priest.
The orc priest is heavily wounded.
The orc priest miscasts a cantrip.
The orc hits you but does no damage. Something hits you.
* * * LOW HITPOINT WARNING * * *
The phantom hits you.
* * * LOW HITPOINT WARNING * * *
The phantom blinks!
You blink.
The orc priest mumbles some strange prayers to Beogh against you.
Beogh smites you!
You die...

. ..### .#
.....######...#
......#§....#
......o§#
..##..{o##
####).# ##W##
#@.## ##..# .
##.# .. ##
###.#
...##8###8#.#
............#
............#
............#
...##8###8###


You could see a phantom, an orc priest and an orc.

Vanquished Creatures
  A crimson imp (D:3)
  4 orc priests
  6 adders
  An ufetubus (D:3)
  2 worms (D:2)
  2 dart slugs
  7 orcs
  10 bats
  4 endoplasms
  A giant cockroach (D:2)
  9 goblins
  9 hobgoblins
  2 quokkas
  6 ball pythons
  2 frilled lizards
  2 goblin skeletons (D:3)
  3 goblin zombies (D:3)
  7 kobolds
  4 kobold skeletons (D:3)
  2 kobold zombies (D:3)
  An orc skeleton (D:3)
  4 orc zombies (D:3)
  4 rats
93 creatures vanquished.

Notes
Turn   | Place    | Note
-------+----------+-------------------------------------------
     0 | D:1      | Dittersdorf the Gargoyle Fighter began the quest for the
                  | Orb.
     0 | D:1      | Reached XP level 1. HP: 14/14 MP: 1/1
   115 | D:1      | Reached XP level 2. HP: 19/19 MP: 2/2
   815 | D:2      | Reached XP level 3. HP: 18/24 MP: 3/3
  1005 | D:2      | Found an opulent altar of Gozag.
  1029 | D:2      | Reached XP level 4. HP: 29/29 MP: 4/4
  1398 | D:3      | Found a radiant altar of Vehumet.
  1661 | D:3      | Found a glowing golden altar of the Shining One.
  1669 | D:3      | Reached XP level 5. HP: 32/33 MP: 5/5
  2255 | D:3      | Reached XP level 6. HP: 8/39 MP: 6/6
  2657 | D:4      | Found an ornate altar of the Wu Jian Council.
  2770 | D:4      | Found Veymmeyti's Neck Hole.
  2822 | D:4      | You fall into a shaft and drop 2 floors!
  2855 | D:6      | Killed from afar by an orc priest

Illustrated notes

Levels and vault maps discovered:
D:1:      wheals_arrival_linesprint, layout_basic
D:2:      layout_rooms, basic_altar, dk_vineyard_2
D:3:      layout_basic, nicolae_tso_besieged_by_evil,
          nicolae_vehumet_altar_sigil
D:4:      layout_rooms, nicolae_wu_jian_immortal_techniques,
          nicolae_shop_sticking_my_neck_out
D:6:      layout_basic, eat_drink_and_be_merry_uskayaw, gammafunk_ghost_arena,
          serial_corexii_hall, chequers_hall_statues_corner_a,
          corexii_hall_statues_t, corexii_hall_statues_t,
          chequers_hall_statues_wall_a, chequers_hall_statues_y,
          corexii_hall_statues_t, serial_shops,
          nicolae_shop_pleasant_corner_grove

Skill      XL: |  1  2  3  4 |
---------------+-------------+-----
Fighting       | 4 |  4.7
Armour         | 4 |  4.7
Shields        | 4 |  4.7
Maces & Flails | 3 |  3.6

Action                     |  1- 3 |  4- 6 || total
---------------------------+-------+-------++-------
  Melee: Flail             |   140 |   263 ||   403
 Armour: Scale mail        |    98 |   213 ||   311
  Dodge: Dodged            |    63 |   144 ||   207
  Block: Buckler           |    35 |     4 ||    39
         Kite shield       |       |   142 ||   142

Table legend: (Time is in decaauts)
 A = Elapsed time spent in this place.
 B = Non-inter-level travel time spent in this place.
 C = Inter-level travel time spent in this place.
 D = Time resting spent in this place.
 E = Time spent auto-exploring this place.
 F = Levels seen in this place.
 G = Mean time per level.
                   A        B        C        D        E       F      G
               +--------+--------+--------+--------+--------+-----+--------+
         Total |   3000 |   2869 |    131 |    446 |   1604 |   5 |  600.0 |
       Dungeon |   3000 |   2869 |    131 |    446 |   1604 |   5 |  600.0 |
               +--------+--------+--------+--------+--------+-----+--------+

Top non-repeatable levels by time:
     D:3: 1136 daAuts
     D:1: 828 daAuts
     D:2: 614 daAuts
     D:4: 381 daAuts
     D:6: 40 daAuts
